 Dungeon Crawl Stone Soup version 0.25-a0-942-g87a53962fc (webtiles) character file.

Game seed: 5648472402533057914, levelgen mode: deterministic

210 wullow the Stinger (level 5, -4/36 HPs)
             Began as a Demonspawn Venom Mage on May 6, 2020.
             Was an Initiate of Okawaru.
             Slain by a slave (5 damage)
             ... led by Pikel
             ... on level 4 of the Dungeon.
             The game lasted 00:17:22 (3720 turns).

wullow the Stinger (Demonspawn Venom Mage)          Turns: 3720, Time: 00:17:22

Health: -4/36      AC:  4    Str: 10    XL:     5   Next: 56%
Magic:  0/9        EV: 12    Int: 16    God:    Okawaru [......]
Gold:   237        SH:  0    Dex: 13    Spells: 0/9 levels left

rFire    + . .     SeeInvis .   j - +0 hunting sling (flame)
rCold    . . .     Gourm    .   (no shield)
rNeg     . . .     Faith    .   v - +0 leather armour
rPois    .         Spirit   +   k - +0 helmet
rElec    .         Reflect  .   (no cloak)
rCorr    .         Harm     .   (no gloves)
MR       .....                  (no boots)
Stlth    ++........             n - amulet of magic regeneration
HPRegen  0.12/turn              w - ring of protection from fire
MPRegen  0.36/turn              (no ring)

@: no status effects
A: claws 1, magic shield, sturdy frame 2
a: Renounce Religion


You were on level 4 of the Dungeon.
You worshipped Okawaru.
Okawaru was noncommittal.
You were not hungry.

You visited 1 branch of the dungeon, and saw 4 of its levels.

You collected 237 gold pieces.

Inventory:

Hand Weapons
 d - a +0 dagger
 j - a +0 hunting sling of flaming (weapon)
Missiles
 a - 29 arrows
 e - 84 stones (quivered)
 r - 21 sling bullets
Armour
 k - a +0 helmet (worn)
 v - a +0 leather armour (worn)
Jewellery
 b - an uncursed ring of ice
 n - an amulet of magic regeneration (around neck)
 w - a ring of protection from fire (left claw)
Wands
 m - a wand of polymorph (7)
Scrolls
 f - 3 scrolls of identify
Potions
 g - a potion of heal wounds
 h - 2 potions of ambrosia {unknown}
 l - 3 potions of curing {unknown}
 o - a potion of flight {unknown}
 p - a potion of lignification {unknown}
Comestibles
 c - 4 rations
 u - 5 chunks of flesh


   Skills:
 + Level 0.8 Fighting
 + Level 0.5 Slings
 - Level 1.7 Dodging
 - Level 1.7 Stealth
 + Level 2.7 Spellcasting
 * Level 2.0 Conjurations
 * Level 2.0 Transmutations
 * Level 0.0 Fire Magic
 * Level 2.0 Air Magic
 + Level 3.7 Poison Magic
 + Level 1.5 Invocations


You couldn't memorise any spells.
You knew the following spells:

 Your Spells              Type           Power        Failure   Level  Hunger
a - Sting                 Tmut/Pois      ##..         6%          1    #......
b - Poisonous Vapours     Pois/Air       ##....       9%          2    ##.....
c - Mephitic Cloud        Conj/Pois/Air  ##......     21%         3    ###....
d - Ignite Poison         Fire/Tmut/Pois #.......     26%         3    ###....

Your spell library contained the following spells:

 Spells                   Type           Power        Failure   Level  Hunger
 Olgreb's Toxic Radiance  Pois           ##......     38%         4    #####..


Dungeon Overview and Level Annotations

Branches:
Dungeon (4/15)
 Temple: D:4-7

Altars:
Ashenzari
Elyvilon
Okawaru

Annotations:
D:3 Grinder
D:4 Eustachio, Pikel


Innate Abilities, Weirdness & Mutations

You have sharp fingernails.
When hurt, damage is shared between your health and your magic reserves.
Your movements are less encumbered by armour. (ER -4)


Message History

The slave hits you.
* * * LOW HITPOINT WARNING * * *
The orc closely misses you.
Firing (i - inventory. (/) - cycle)
e - 86 stones (quivered)
Press: ? - help, Shift-Dir - straight line, f/p - slave
Aim: a slave (grey smoke, heavily wounded)
You shoot a stone. The stone hits the slave.
The stone burns the slave.
The slave is severely wounded.
You kill the orc!
Okawaru accepts your kill. The slave misses you.
Firing (i - inventory. (/) - cycle)
e - 85 stones (quivered)
Press: ? - help, Shift-Dir - straight line, f - Eustachio, p - slave
Aim: Eustachio, wielding a +0 rapier and wearing a +2 leather armour of cold resistance (grey smoke)
You shoot a stone.
The stone hits Eustachio but does no damage.
Eustachio hits you with a +0 rapier.
* * * LOW HITPOINT WARNING * * *
The slave hits you.
You die...

,,,,,,,,,,,,,,,,,,,,,,,,*
**,,,.K,***,,***#$,,*****
,,,*p.,,* **>,,,..***
****p##****,,***@##
*#..,,,,,,***,Z.# ##..********
*,§§# ##>.** *§Z5# ...#*
#####@#* ..p## ##..pp@#
#...#######..#####
###...##....##
###.##.########### *
#............÷<########**
****#...##########÷........,**
,#^...### ##....$.....,,**
......# #...........,,,*
......# #...........,,,*


You could see Eustachio, 2 slaves, a crimson imp and a bullfrog skeleton.

Vanquished Creatures
  An orc priest (D:3)
  An orc wizard (D:3)
  Robin (D:1)
  3 gnolls (D:2)
  2 adders
  An ooze (D:1)
  2 worms
  2 dart slugs
  2 leopard geckos
  9 orcs
  4 giant cockroaches
  17 goblins
  7 hobgoblins
  3 jackals (D:1)
  4 kobolds
  2 quokkas (D:2)
  8 bats
  4 frilled lizards
  7 rats
80 creatures vanquished.

Notes
Turn   | Place    | Note
-------+----------+-------------------------------------------
     0 | D:1      | wullow the Demonspawn Venom Mage began the quest for the
                  | Orb.
     0 | D:1      | Reached XP level 1. HP: 13/13 MP: 3/3
    73 | D:1      | Reached skill level 1 in Transmutations
   392 | D:1      | Gained mutation: Your movements are slightly less
                  | encumbered by armour. (ER -2) [demonic ancestry]
   392 | D:1      | Reached XP level 2. HP: 19/19 MP: 3/5
   403 | D:1      | Learned a level 2 spell: Poisonous Vapours
   994 | D:1      | Gained mutation: Your movements are less encumbered by
                  | armour. (ER -4) [demonic ancestry]
   994 | D:1      | Reached XP level 3. HP: 24/24 MP: 1/6
  1239 | D:1      | Learned a level 3 spell: Mephitic Cloud
  1281 | D:2      | Reached skill level 1 in Air Magic
  1288 | D:2      | Noticed Robin
  1520 | D:1      | Killed Robin
  1720 | D:2      | Found an iron altar of Okawaru.
  1734 | D:2      | Became a worshipper of Warmaster Okawaru
  1741 | D:2      | Gained mutation: When hurt, damage is shared between your
                  | health and your magic reserves. [demonic ancestry]
  1741 | D:2      | Reached XP level 4. HP: 30/30 MP: 7/7
  1779 | D:2      | Reached skill level 1 in Conjurations
  2476 | D:3      | Found a shattered altar of Ashenzari.
  2717 | D:3      | Gained mutation: You have sharp fingernails. [demonic
                  | ancestry]
  2717 | D:3      | Reached XP level 5. HP: 36/36 MP: 4/8
  2720 | D:3      | Reached skill level 1 in Invocations
  2826 | D:3      | Found a white marble altar of Elyvilon.
  2826 | D:3      | Noticed Grinder
  3151 | D:3      | Learned a level 3 spell: Ignite Poison
  3563 | D:3      | Paralysed by Grinder for 4 turns
  3688 | D:4      | Noticed Pikel
  3688 | D:4      | Noticed a slave
  3689 | D:4      | Noticed a slave
  3703 | D:4      | Noticed Eustachio
  3720 | D:4      | HP: 1/36 [Eustachio/+0 rapier (4)]
  3720 | D:4      | Slain by a slave

Levels and vault maps discovered:
D:1:      nicolae_arrival_memento_mori, layout_basic, fountainhead
D:2:      layout_loops_ring, serial_bayou_pond_e, okawaru_metal_pillars_1_2,
          uniq_robin
D:3:      layout_rooms, cheibrodos_ashenzari_chains, elyvilon_altar_5,
          uniq_grinder
D:4:      layout_rooms, enter_ossuary_3, palyth_stone_intersect, uniq_duvessa,
          uniq_eustachio, uniq_pikel

Skill      XL: |  1  2  3  4  5 |
---------------+----------------+-----
Transmutations | 1 2 |  2.0
Air Magic      | 1 2 |  2.0
Conjurations   | 1 2 |  2.0
Invocations    | 1 |  1.5
Fighting       | |  0.8
Slings         | |  0.5
Dodging        | |  1.7
Stealth        | |  1.7
Spellcasting   | |  2.7
Poison Magic   | |  3.7

Action                   |  1- 3 |  4- 6 || total
-------------------------+-------+-------++-------
Melee: Unarmed           |     3 |       ||     3
       Dagger            |    39 |       ||    39
 Fire: Hunting sling     |    18 |    94 ||   112
 Cast: Sting             |    70 |    38 ||   108
       Mephitic Cloud    |       |     3 ||     3
       Poisonous Vapours |       |     1 ||     1
  Use: Scroll            |       |     4 ||     4
  Eat: Chunk             |     4 |     6 ||    10
Armor: Robe              |    19 |     7 ||    26
       Leather armour    |       |     5 ||     5
Dodge: Dodged            |    54 |    36 ||    90

Table legend:
 A = Non-vault XP
 B = Vault XP
 C = Vault XP percentage of total XP
 D = Non-vault monster count
 E = Vault monster count
 F = Vault count percentage of total count
                 A         B        C        D         E       F
            +---------+---------+-------+---------+---------+-------
      Total |     262 |      38 |  12.7 |      67 |      13 |  16.2
            +---------+---------+-------+---------+---------+-------
        D:1 |      49 |      17 |  25.8 |      23 |       2 |   8.0
        D:2 |      71 |      21 |  22.8 |      20 |      11 |  35.5
        D:3 |     121 |       0 |   0.0 |      19 |       0 |   0.0
        D:4 |      21 |       0 |   0.0 |       5 |       0 |   0.0
            +---------+---------+-------+---------+---------+-------
